 Dungeon Crawl Stone Soup version 0.23-a0-650-ga4d50d4 (webtiles) character file.

727714 Gorice the Slayer (level 27, -5/231 HPs)
             Began as a Demonspawn Wanderer on Jan 1, 2019.
             Was the Champion of Makhleb.
             Slain by Puuphut the pandemonium lord (12 damage)
             ... in Pandemonium on Jan 3, 2019.
             The game lasted 09:40:38 (77735 turns).

Gorice the Slayer (Demonspawn Wanderer)            Turns: 77735, Time: 09:40:38

Health: -5/231     AC: 38    Str: 17    XL:     27
Magic:  0/35       EV: 22    Int: 26    God:    Makhleb [******]
Gold:   4192       SH: 13    Dex: 14    Spells: 27/50 levels left

rFire    + . .     SeeInvis .   a - +10 morningstar "Eos" {elec, Halo rElec}
rCold    + . .     Gourm    .   M - +3 warlock's mirror {reflect}
rNeg     . . .     Faith    .   l - +8 chain mail "Edorchuri" {rElec MR++ Int+7}
rPois    .         Spirit   +   (helmet unavailable)
rElec    +         Reflect  +   E - +2 cloak
rCorr    .         Harm     .   t - +3 pair of gauntlets of War {Slay+5}
MR       ++++.                  K - +1 pair of boots {Stlth+}
Stlth    ..........             r - +4 amulet of reflection
HPRegen  0.48/turn              V - ring of Phasing {EV+8}
MPRegen  0.48/turn              c - ring "Umiyr" {rC+ Slay+3 Stlth+}

@: glowing
A: horns 3, iridescent scales 3, deformed body, fire resistance 1, hurl
damnation, low mp 1, powered by death 3, weak 1, magic shield, magic
regeneration, magic link, flame cloud immunity
}: 5/15 runes: barnacled, slimy, silver, abyssal, gossamer
a: Hurl Damnation, Minor Destruction, Lesser Servant of Makhleb, Major
Destruction, Greater Servant of Makhleb, Renounce Religion


You were in Pandemonium.
You worshipped Makhleb.
Makhleb was exalted by your worship.
You were not hungry.

You visited 11 branches of the dungeon, and saw 53 of its levels.
You visited Pandemonium 1 time, and saw 10 of its levels.
You visited the Abyss 1 time.
You also visited: Bailey, Gauntlet, Ice Cave and Desolation.

You collected 10402 gold pieces.
You spent 6210 gold pieces at shops.

Inventory:

Hand Weapons
 a - the +10 morningstar "Eos" (weapon) {elec, Halo rElec}
   (You acquired it on level 1 of the Lair of Beasts)

   Occasionally, upon striking a foe, it will discharge some electrical energy
   and cause terrible harm.
   It insulates you from electricity.
Missiles
 y - 5 needles of frenzy
 O - 52 steel javelins (quivered)
 Z - 4 throwing nets {!f}
Armour
 l - the +8 chain mail "Edorchuri" (worn) {rElec MR++ Int+7}
   (You found it in a bailey)

   It affects your intelligence (+7).
   It insulates you from electricity.
   It affects your resistance to hostile enchantments.
 t - the +3 pair of gauntlets of War (worn) {Slay+5}
   (You found it on level 5 of the Vaults)

   It affects your accuracy and damage with ranged weapons and melee attacks
   (+5).
 E - a +2 cloak (worn)
 K - a +1 pair of boots of stealth (worn)
   (You found it on level 5 of the Vaults)
 M - the +3 warlock's mirror (worn) {reflect}
   (You found it on level 12 of the Dungeon)
Jewellery
 c - the ring "Umiyr" (right hand) {rC+ Slay+3 Stlth+}
   (You found it in the Desolation of Salt)

   [ring of stealth]

   It affects your accuracy and damage with ranged weapons and melee attacks
   (+3).
   It protects you from cold.
   It makes you more stealthy.
 f - the ring of the Archfiend {rElec rF+ rN+}
   (You took it off a vampire knight on level 2 of the Depths)

   [ring of positive energy]

   It protects you from fire.
   It insulates you from electricity.
   It protects you from negative energy.
 i - the ring of Angi {rElec Int+4}
   (You found it in Pandemonium)

   [ring of intelligence]

   It affects your intelligence (+4).
   It insulates you from electricity.
 p - the ring of Division {rCorr rPois Int+5 Dex-3}
   (You found it in the Desolation of Salt)

   [ring of resist corrosion]

   It affects your intelligence (+5).
   It affects your dexterity (-3).
   It protects you from poison.
 r - a +4 amulet of reflection (around neck)
 w - the ring of the Mage {Wiz MR++ Int+3}
   (You took it off a deep elf elementalist on level 3 of the Elven Halls)

   [ring of wizardry]

   It improves your spell success rate.
   It affects your intelligence (+3).
   It affects your resistance to hostile enchantments.
 F - an uncursed ring of flight
 N - the ring of Dagomech {rN++ Int+3}
   (You took it off a necromancer on level 2 of the Vaults)

   [ring of intelligence]

   It affects your intelligence (+3).
   It greatly protects you from negative energy.
 V - the ring of Phasing (left hand) {EV+8}
   (You found it on level 2 of the Depths)

   [ring of evasion]

   It affects your evasion (+8).
Wands
 v - a wand of acid (19)
 H - a wand of paralysis (56)
 P - a wand of digging (22)
 Q - a wand of clouds (13)
 R - a wand of iceblast (33)
Scrolls
 e - a scroll of brand weapon
 g - 32 scrolls of remove curse
 m - 11 scrolls of identify
 n - a scroll of amnesia
 q - a scroll of silence {!r}
 s - 9 scrolls of fear {!r}
 u - 25 scrolls of teleportation {!r}
 z - 2 scrolls of enchant weapon
 B - 5 scrolls of fog
 G - 4 scrolls of summoning {!r}
 J - 6 scrolls of blinking
 L - 7 scrolls of magic mapping {!r}
Potions
 b - a potion of resistance {!q}
 h - 24 potions of curing
 j - 8 potions of agility {!q}
 k - 3 potions of haste {!q}
 o - 5 potions of heal wounds {!q}
 x - 4 potions of berserk rage
 A - a potion of flight
 S - 5 potions of mutation {!q}
 T - a potion of might {!q}
 W - 4 potions of cancellation {!q}
Miscellaneous
 d - 5 phantom mirrors
 I - 6 boxes of beasts
Comestibles
 C - 2 chunks of flesh
 Y - 117 rations


   Skills:
 - Level 22.0 Fighting
 - Level 16.0 Maces & Flails
 - Level 10.0 Throwing
 - Level 22.0 Armour
 - Level 12.0 Dodging
 - Level 8.0 Shields
 - Level 12.0 Spellcasting
 - Level 8.0 Hexes
 - Level 8.0 Charms
 - Level 8.0 Summonings
 - Level 16.9 Necromancy
 * Level 15.0 Translocations
   Level 1.7 Transmutations
 - Level 9.0 Air Magic
 - Level 18.0 Invocations
 - Level 10.0 Evocations


You had 27 spell levels left.
You knew the following spells:

 Your Spells              Type           Power        Failure   Level  Hunger
a - Airstrike             Air            ######....   4%          4    None
d - Vampiric Draining     Necr           #######...   1%          3    None
p - Portal Projectile     Hex/Tloc       ######       1%          3    None
s - Animate Skeleton      Necr           N/A          0%          1    None
w - Spectral Weapon       Hex/Chrm       ######..     1%          3    None
A - Apportation           Tloc           ######       1%          1    None
B - Summon Butterflies    Summ           ######..     1%          1    None
J - Blink                 Tloc           N/A          1%          2    None
R - Regeneration          Chrm/Necr      ######....   1%          3    None
S - Swiftness             Chrm/Air       ######..     1%          2    None

Your spell library contained the following spells:

 Spells                   Type           Power        Failure   Level  Hunger
 Pain                     Necr           ####         0%          1    None
 Confusing Touch          Hex            ######       1%          1    None
 Corona                   Hex            ######.      1%          1    None
 Infusion                 Chrm           ####         1%          1    None
 Summon Small Mammal      Summ           ####         1%          1    None
 Call Imp                 Summ           ######..     1%          2    None
 Corpse Rot               Necr           N/A          1%          2    None
 Shroud of Golubria       Chrm/Tloc      ######....   1%          2    None
 Slow                     Hex            ######..     1%          2    None
 Song of Slaying          Chrm           ######..     1%          2    None
 Sublimation of Blood     Necr           #######...   1%          2    None
 Confuse                  Hex            ######..     1%          3    None
 Gell's Gravitas          Tloc           #######...   1%          3    None
 Lesser Beckoning         Tloc           #######...   1%          3    None
 Recall                   Summ/Tloc      N/A          1%          3    None
 Teleport Other           Tloc           #######.     1%          3    None
 Tukima's Dance           Hex            ######..     1%          3    None
 Animate Dead             Necr           N/A          1%          4    None
 Passage of Golubria      Tloc           N/A          1%          4    None
 Shock                    Conj/Air       ####         2%          1    None
 Death Channel            Necr           #######...   2%          6    #####..
 Poisonous Vapours        Pois/Air       #####.       3%          2    None
 Ensorcelled Hibernation  Hex/Ice        #####.       4%          2    None
 Summon Forest            Summ/Tloc      ######....   4%          5    ###....
 Dispersal                Tloc           #######...   5%          6    #####..
 Cause Fear               Hex            ######....   6%          4    None
 Beastly Appendage        Tmut           ###...       8%          1    None
 Static Discharge         Conj/Air       #####...     8%          3    None
 Force Lance              Conj/Tloc      ######..     8%          4    None
 Dazzling Spray           Conj/Hex       #####.       10%         3    None
 Inner Flame              Hex/Fire       #####...     10%         3    None
 Ozocubu's Armour         Chrm/Ice       #####...     10%         3    None
 Sticks to Snakes         Tmut           ###.....     12%         2    None
 Mephitic Cloud           Conj/Pois/Air  ####....     14%         3    None
 Borgnjor's Vile Clutch   Necr/Erth      ######....   14%         5    ###....
 Silence                  Hex/Air        ######....   14%         5    ###....
 Flame Tongue             Conj/Fire      ###..        16%         1    None
 Freeze                   Ice            ###.         16%         1    None
 Magic Dart               Conj           ###.         16%         1    None
 Sting                    Conj/Pois      ###.         16%         1    None
 Passwall                 Tmut/Erth      ###.....     17%         2    None
 Searing Ray              Conj           ###...       24%         2    None
 Throw Flame              Conj/Fire      ###...       24%         2    None
 Throw Frost              Conj/Ice       ###...       24%         2    None
 Fulminant Prism          Conj/Hex       #####.....   30%         4    None
 Leda's Liquefaction      Hex/Erth       #####.....   30%         4    None
 Spider Form              Tmut/Pois      ###.......   34%         3    None
 Ignite Poison            Fire/Tmut/Pois ###.....     36%         3    None
 Conjure Flame            Conj/Fire      ###.....     43%         3    None
 Stone Arrow              Conj/Erth      ###...       43%         3    None
 Yara's Violent Unravell  Hex/Tmut       #####.....   52%         5    ###....
 Lightning Bolt           Conj/Air       #####.....   56%         5    ###....
 Deflect Missiles         Chrm/Air       ######....   58%         6    #####..
 Simulacrum               Ice/Necr       ######....   58%         6    #####..
 Metabolic Englaciation   Hex/Ice        #####.....   65%         5    ###....
 Invisibility             Hex            ######..     67%         6    #####..
 Ice Form                 Ice/Tmut       ###.....     75%         4    None
 Petrify                  Tmut/Erth      ###.....     75%         4    None
 Malign Gateway           Summ/Tloc      ######....   77%         7    ######.
 Olgreb's Toxic Radiance  Pois           ###.....     85%         4    None
 Sticky Flame             Conj/Fire      ###.....     85%         4    None
 Throw Icicle             Conj/Ice       ###.....     85%         4    None
 Blade Hands              Tmut           ###.......   91%         5    ###....
 Controlled Blink         Tloc           N/A          92%         8    #######
 Disjunction              Tloc           #######...   92%         8    #######
 Alistair's Intoxication  Tmut/Pois      ###.....     97%         5    ###....
 Irradiate                Conj/Tmut      ###.......   97%         5    ###....
 Fireball                 Conj/Fire      ###.......   99%         5    ###....
 Venom Bolt               Conj/Pois      ###.......   99%         5    ###....
 Monstrous Menagerie      Summ           ######....   99%         7    ######.
 Summon Greater Demon     Summ           ######....   99%         7    ######.
 Summon Hydra             Summ           ######....   99%         7    ######.
 Bolt of Cold             Conj/Ice       ###.......   100%        6    #####..
 Bolt of Fire             Conj/Fire      ###.......   100%        6    #####..
 Freezing Cloud           Conj/Ice/Air   ####......   100%        6    #####..
 Hydra Form               Tmut           ###.......   100%        6    #####..
 Ozocubu's Refrigeration  Ice            ###.......   100%        6    #####..
 Poison Arrow             Conj/Pois      ###.......   100%        6    #####..
 Dragon Form              Tmut           ###.......   100%        7    ######.
 Orb of Destruction       Conj           ###.......   100%        7    ######.
 Ring of Flames           Chrm/Fire      #####.....   100%        7    ######.
 Chain Lightning          Conj/Air       #####.....   100%        8    #######
 Discord                  Hex            ######....   100%        8    #######
 Ignition                 Fire           ###.......   100%        8    #######
 Lehudib's Crystal Spear  Conj/Erth      ###.......   100%        8    #######
 Summon Horrible Things   Summ           ######....   100%        8    #######
 Fire Storm               Conj/Fire      ###.......   100%        9    #######
 Glaciate                 Conj/Ice       ###.......   100%        9    #######


Dungeon Overview and Level Annotations

Branches:
Dungeon (15/15)            Temple (1/1) D:5            Lair (6/6) D:8
 Shoals (4/4) Lair:3       Spider (4/4) Lair:3        Slime (5/5) Lair:6
    Orc (2/2) D:9             Elf (3/3) Orc:2        Vaults (5/5) D:14
  Crypt (3/3) Vaults:2       Tomb (0/3) Crypt:3      Depths (5/5) D:15
    Zot (0/5) Depths:5

Altars:
Ashenzari
Cheibriados
Dithmenos
Elyvilon
Fedhas
Gozag
Hepliaklqana
Kikubaaqudgha
Makhleb
Nemelex Xobeh
Okawaru
Qazlal
Ru
Sif Muna
Trog
Uskayaw
Vehumet
Wu Jian
Xom
Yredelemnul
Zin
The Shining One
Beogh
Lugonu

Shops:
D:4 !   D:8 !=   D:10 [   D:12 *   D:14 :   Orc:2 ?*%?   Shoals:2 %
Shoals:3 =   Vaults:1 *   Vaults:2 %*[*(   Vaults:3 :   Depths:1 }
Depths:5 =}}

Portals:
Hell: Depths:1 Depths:2 Depths:3 Depths:4 Depths:5
Abyss: Depths:1 Depths:4
Pandemonium: Depths:3
Ziggurat: Depths:5

Annotations:
Elf:2 2 runed doors


Innate Abilities, Weirdness & Mutations

You have a pair of large horns on your head.
You are completely covered in iridescent scales. (AC +6)
Your flesh is heat resistant. (rF+)
You can hurl damnation.
You regenerate a lot of health from kills.
When hurt, damage is shared between your health and your magic reserves.
You regenerate magic rapidly.
When low on magic, you restore magic in place of health.
You are immune to clouds of flame.
Armour fits poorly on your strangely shaped body.
Your magical capacity is low. (-10% MP)
You are weak. (Str -2)


Message History

Unknown command.
A demon appears!
Puuphut hits you!
* * * LOW HITPOINT WARNING * * *
You writhe in agony.
* * * LOW HITPOINT WARNING * * *
Puuphut closely misses you.
Damage: 15 (max 47) Unknown command.
A demon appears!
Puuphut hits you.
* * * LOW HITPOINT WARNING * * *
You writhe in agony.
* * * LOW HITPOINT WARNING * * *
Damage: 9 (max 47) Unknown command.
Unknown command.
A demon appears!
Puuphut completely misses you. Puuphut misses you.
Your hellwing hits Puuphut but does no damage. x2
Damage: 4 (max 47) Unknown command.
Puuphut hits you!!
* * * LOW HITPOINT WARNING * * *
Your hellwing hits Puuphut but does no damage. x2
Your smoke demon hits Puuphut but does no damage. x2
Your smoke demon barely misses Puuphut.
Damage: 24 (max 47) Unknown command.
Unknown command.
Unknown command.
Puuphut hits your smoke demon!!! Puuphut hits your smoke demon.
Your smoke demon dies!
Your hellwing hits Puuphut but does no damage. x4
Really quaff
o - 6 potions of heal wounds {!q}?
You feel much better.
Your spectral weapon fades away.
Your hellwing swoops through the air toward Puuphut!
Your hellwing closely misses Puuphut.
Your hellwing hits Puuphut but does no damage.
Puuphut hits you but does no damage.
You writhe in agony.
* * * LOW HITPOINT WARNING * * *
Your hellwing hits Puuphut but does no damage. x2
Casting: Spectral Weapon (safe; 1% risk of failure)
Confirm with . or Enter, or press ? or * to list all spells.
You blink.
Your hellwing barely misses Puuphut.
Your hellwing hits Puuphut but does no damage.
Casting: Blink (safe; 1% risk of failure)
Confirm with . or Enter, or press ? or * to list all spells.
You blink.
Puuphut hits you!!
* * * LOW HITPOINT WARNING * * *
You writhe in agony.
You die...

#(## ..# #(.#
...# ##)#
#...# #.#
#...# #.#
#...# #)#
#...## #.#
#...###.#
#.@.##.#
##.&.#[##
..#..4....#
#...'...4...#
....#....ยง..#
....##.....##
... ##...## ..
##.## #.#


You could see Puuphut and 2 friendly hellwings.

Vanquished Creatures
  the Royal Jelly (Slime:5)
  Mennas (Vaults:2)
  3 juggernauts
  Mara (Vaults:3)
  4 ancient liches
  4 pandemonium lords (Pan)
  Sojobo (Crypt:3)
  2 caustic shrikes
  Xtahua (Vaults:5)
  Nikola (Depths:3)
  3 golden dragons
  A bone dragon (Crypt:3)
  7 Brimstone Fiends (Pan)
  Arachne (Spider:1)
  7 liches
  2 Ice Fiends
  Rupert (Lair:6)
  5 tentacled monstrosities
  A deep elf blademaster (Elf:3)
  A Hell Sentinel (Pan)
  9 acid blobs
  2 quicksilver dragons (Depths:4)
  9 titans
  Polyphemus (Shoals:2)
  2 deep elf master archers (Elf:3)
  2 sphinxes
  5 ancient champions
  A sphinx (shapeshifter) (Vaults:4)
  12 Executioners (Pan)
  5 storm dragons
  7 shadow dragons
  2 draconian monks (Depths:5)
  8 warmongers (Pan)
  8 tengu reavers
  4 azure jellies
  2 revenants (Crypt:3)
  12 fire giants
  10 frost giants
  7 balrugs (Pan)
  2 iron dragons
  8 deep elf sorcerers
  6 cacodemons
  16 vault wardens
  A ghost moth (shapeshifter) (Vaults:5)
  A juggernaut zombie (Depths:2)
  5 ghouls
  3 ghost moths (Spider:4)
  7 emperor scorpions
  Louise (Elf:2)
  3 curse skulls
  5 spriggan defenders
  18 ironheart preservers
  5 black suns (Pan)
  6 reapers
  5 deep elf elementalists
  4 war gargoyles (Vaults:5)
  36 very ugly things
  4 blood saints (Pan)
  25 stone giants
  An entropy weaver (shapeshifter) (Vaults:5)
  6 entropy weavers
  3 deep elf demonologists (Elf:3)
  3 corrupters (Pan)
  5 dire elephants (Lair:6)
  2 caustic shrike skeletons
  10 vampire knights
  2 lorocyprocas (Pan)
  3 black draconians (Depths:5)
  Azrael (D:12)
  A yellow draconian (Depths:5)
  10 deep elf annihilators
  2 red draconians (Depths:5)
  6 spark wasps
  The ghost of Xieheeq the Nimble, a journeyman SpBe of Trog (Depths:5)
  2 halazid warlocks (Desolation)
  A minotaur (Gauntlet)
  Snorg (D:10)
  9 blizzard demons (Pan)
  3 eidola
  2 crystal guardians
  22 ettins
  6 deep elf death magi
  The ghost of galech the Cleaver, a journeyman DsFi of Okawaru (Lair:1)
  3 green deaths (Pan)
  7 ragged hierophants (Desolation)
  13 merfolk impalers
  6 death oozes (Slime:5)
  6 merfolk javelineers
  11 fire dragons
  19 jiangshi
  Josephine (D:10)
  15 yaktaur captains
  5 servants of whispers (Desolation)
  4 deep elf high priests
  4 monstrous demonspawn (Pan)
  11 great orbs of eyes
  7 rakshasas
  12 ice dragons
  30 vault guards
  5 merfolk avatars
  3 alligator snapping turtles
  10 peacekeepers (Desolation)
  A spriggan air mage (Depths:2)
  3 hell beasts (Pan)
  Erica (Lair:1)
  2 hydras
  A two-headed ogre (shapeshifter) (Depths:2)
  3 catoblepae
  6 merfolk aquamancers
  9 centaur warriors
  16 death yaks
  8 death knights
  20 ogre magi
  An anaconda (Lair:6)
  35 two-headed ogres
  3 satyrs
  An anaconda (shapeshifter) (Depths:4)
  6 tengu warriors
  10 deep troll shamans
  A queen ant (Spider:1)
  8 deep troll earth magi
  25 dancing weapons
  6 vampire magi
  Urug (D:11)
  4 thrashing horrors (Abyss:3)
  18 deep elf knights
  8 hell knights
  3 spriggan berserkers
  13 soul eaters
  Sonja (Lair:2)
  A small abomination (Elf:3)
  A storm dragon zombie (Crypt:1)
  10 sun demons
  4 orc high priests
  A titan skeleton (Crypt:1)
  The ghost of nikopol the Cleaver, a novice MiBe of Trog (D:7)
  2 iron trolls
  4 wretched stars (Abyss:3)
  11 sixfirhies (Pan)
  3 shadow wraiths
  40 skeletal warriors
  An unseen horror (shapeshifter) (Vaults:1)
  A golden dragon zombie (Depths:2)
  9 flayed ghosts
  The ghost of asdu the Vexing, a novice GnAM of Okawaru (D:10)
  7 sea snakes
  3 shadow demons (Pan)
  A shadow dragon zombie (Crypt:2)
  A quicksilver dragon simulacrum (Depths:2)
  4 infernal demonspawn (Pan)
  5 torturous demonspawn (Pan)
  42 deep trolls
  3 unseen horrors
  7 gelid demonspawn (Pan)
  A golden dragon skeleton (Depths:2)
  14 wizards
  3 glowing orange brains
  3 wolf spider zombies
  22 orc knights
  9 phantasmal warriors
  10 necromancers
  15 deep elf archers
  22 harpies
  70 deep elf magi
  A sphinx zombie (Depths:1)
  A harpy (shapeshifter) (D:14)
  27 wolf spiders
  16 ironbrand convokers
  39 ugly things
  25 cyclopes
  A wolf spider (shapeshifter) (Depths:4)
  A glowing shapeshifter (Elf:1)
  15 orb spiders
  An iron dragon zombie (Crypt:1)
  3 manticores (shapeshifter)
  6 orc sorcerers
  2 moths of wrath
  4 shining eyes
  21 fauns
  16 manticores
  38 elephants
  A toenail golem (Pan)
  17 vault sentinels
  4 black mambas
  10 merfolk sirens
  A frost giant skeleton (Depths:2)
  An ice statue (IceCv)
  5 water nymphs
  3 torpor snails
  3 guardian serpents (Desolation)
  Maurice (D:9)
  2 molten gargoyles
  A titan simulacrum (Depths:2)
  2 gargoyles
  3 fire giant skeletons
  3 human skeletons
  7 orange demons
  An eye of devastation (Slime:5)
  3 spiny frogs (shapeshifter)
  2 rime drakes (shapeshifter)
  A spriggan skeleton (Depths:3)
  11 smoke demons (Pan)
  A yaktaur zombie (Vaults:1)
  14 spiny frogs
  2 hellions (Pan)
  7 rime drakes
  4 centaur skeletons
  2 kobold demonologists (Bailey)
  A swamp worm zombie (Crypt:1)
  46 yaktaurs
  An efreet (Pan)
  A spark wasp simulacrum (Depths:2)
  5 tormentors (Pan)
  13 freezing wraiths
  A purple draconian zombie (Crypt:3)
  9 hellwings
  2 anaconda simulacra (IceCv)
  8 komodo dragons
  6 ice devils
  27 merfolk
  A death yak zombie (Crypt:1)
  19 demonic crawlers
  A purple draconian skeleton (Crypt:3)
  11 red devils
  A queen bee (shapeshifter) (Vaults:4)
  A polar bear (shapeshifter) (D:15)
  A tengu conjurer (Depths:2)
  2 queen bees
  An iron troll skeleton (Crypt:1)
  29 jumping spiders
  2 polar bears
  9 trolls
  A bog body (Vaults:2)
  10 hornets
  A meliai (shapeshifter) (D:15)
  A wolf spider simulacrum (IceCv)
  5 meliai (Abyss:3)
  59 saltlings (Desolation)
  An elf zombie (Depths:2)
  A hydra skeleton (Crypt:1)
  16 blink frogs
  12 wind drakes
  2 moth of wrath zombies
  9 snapping turtles
  Grinder (D:6)
  An ettin zombie (Depths:2)
  93 slime creatures
  2 spriggan zombies
  A guardian serpent skeleton (Crypt:3)
  10 dream sheep
  4 raiju (Abyss:3)
  A fire dragon zombie (Crypt:3)
  3 air elementals
  An ettin skeleton (Vaults:1)
  8 hippogriffs
  70 redbacks
  An ice dragon skeleton (Crypt:3)
  A fire dragon skeleton (Vaults:1)
  3 flying skulls (Crypt:3)
  17 ynoxinuls (Pan)
  5 shadows
  18 tarantellas
  2 spriggans
  16 wraiths
  30 yaks
  23 water elementals
  A wyvern (D:10)
  A wind drake zombie (Crypt:1)
  Grum (Lair:1)
  A human (shapeshifter) (Depths:5)
  5 steam dragons
  2 dire elephant simulacra (IceCv)
  2 hogs (shapeshifter)
  3 basilisks
  10 humans
  A golden eye (Slime:5)
  5 fire elementals
  4 vampire mosquitoes (D:14)
  2 death yak simulacra (IceCv)
  5 neqoxecs
  3 iron troll simulacra (IceCv)
  9 chaos spawn
  A wind drake skeleton (Crypt:3)
  11 wargs
  4 harpy simulacra (IceCv)
  2 wargs (shapeshifter)
  18 large abominations
  A soldier ant (shapeshifter) (Depths:5)
  Edmund (D:5)
  22 soldier ants
  2 acid dragons
  A water nymph skeleton (Crypt:3)
  2 hydra simulacra (IceCv)
  A floating eye (shapeshifter) (Vaults:5)
  4 porcupines
  2 hell hounds (D:12)
  10 water moccasins
  50 orc warriors
  4 phantoms
  A human zombie (Vaults:1)
  A spriggan simulacrum (Depths:1)
  6 eyes of draining
  An ice beast (shapeshifter) (Vaults:5)
  3 ice beasts
  3 black bears
  27 ogres
  4 sky beasts
  An alligator simulacrum (IceCv)
  3 necrophages
  14 boggarts
  36 wolves
  3 ettin simulacra
  11 centaurs
  11 crocodiles
  Blork the orc (D:6)
  2 big kobolds
  15 bullfrogs
  3 gnoll sergeants (D:8)
  A human simulacrum (Vaults:3)
  3 earth elementals
  2 elf skeletons
  A wyvern zombie (D:13)
  2 wyvern skeletons
  2 scorpions (D:8)
  A swamp dragon simulacrum (IceCv)
  47 killer bees
  8 electric eels
  22 wights
  A howler monkey (D:6)
  A troll skeleton (Crypt:2)
  3 crimson imps
  A starcursed mass (Elf:3)
  A quasit (Depths:3)
  3 centaur zombies
  5 draconian simulacra (IceCv)
  15 hounds
  A jelly (D:11)
  A bullfrog zombie (D:10)
  22 orc priests
  2 gnoll shamans (D:8)
  3 iron imps (Depths:3)
  26 orc wizards
  4 bullfrog skeletons
  Jessica (D:2)
  Terence (D:3)
  27 worker ants
  An iguana (D:13)
  A basilisk skeleton (Crypt:1)
  3 troll simulacra (IceCv)
  A killer bee zombie (Crypt:1)
  A felid zombie (Crypt:2)
  A centaur simulacrum (IceCv)
  A big kobold skeleton (Crypt:2)
  2 naga skeletons
  2 hound zombies
  2 hound skeletons
  3 mummies (Crypt:1)
  27 gnolls
  A howler monkey skeleton (D:6)
  12 adders
  A naga simulacrum (IceCv)
  An ogre simulacrum (IceCv)
  2 swamp drake skeletons
  8 shadow imps
  5 white imps
  5 ufetubi (IceCv)
  An ooze (D:3)
  7 worms
  A dart slug (D:1)
  8 leopard geckos
  129 orcs
  3 giant cockroaches
  16 goblins
  15 hobgoblins
  5 jackals
  15 kobolds
  A quokka (D:10)
  4 ball pythons
  6 bats
  6 frilled lizards
  A frilled lizard zombie (Crypt:2)
  A giant cockroach zombie (D:5)
  A jackal skeleton (D:4)
  A kobold skeleton (Crypt:2)
  A leopard gecko skeleton (Crypt:1)
  A leopard gecko zombie (D:6)
  A quokka skeleton (D:9)
  A quokka zombie (D:5)
  8 rats
  A crawling corpse (Vaults:5)
  A plant (Lair:6)
2953 creatures vanquished.

Vanquished Creatures (collateral kills)
  Khufu (Vaults:2)
  A deep elf blademaster (Elf:3)
  2 dire elephants
  An ettin (Vaults:3)
  A death ooze (Slime:5)
  2 great orbs of eyes
  4 shining eyes
  An ice devil (IceCv)
  9 slime creatures
  A chaos spawn (Depths:3)
  A neqoxec (Gauntlet)
  A water moccasin (Lair:6)
  2 wolves (Lair:6)
  An electric eel (Lair:6)
  A shadow imp (Depths:3)
  A white imp (Depths:3)
30 creatures vanquished.

Vanquished Creatures (others)
  An ancient lich (Crypt:3)
  A deep elf blademaster (Elf:3)
  An Executioner (Pan)
  A sphinx (Vaults:5)
  An ironheart preserver (Vaults:5)
  A merfolk javelineer (Shoals:4)
  A blizzard demon (Pan)
  A monstrous demonspawn (Pan)
  2 soul eaters (Pan)
  A fire crab (shapeshifter) (Vaults:5)
  2 deep elf archers
  2 deep elf magi
  3 cyclopes
  A wolf spider (Spider:1)
  A faun (Shoals:1)
  3 yaktaurs
  A merfolk (Shoals:2)
  A red devil (Pan)
  A human (D:14)
  2 centaurs (Shoals:1)
  An ufetubus (IceCv)
  2 orcs
  76 fungi
  10 pillars of salt (Elf:2)
  36 plants
  63 spectral weapons
  3 toadstools (Depths:2)
219 creatures vanquished.

Grand Total: 3202 creatures vanquished

Notes
Turn   | Place    | Note
-------+----------+-------------------------------------------
     0 | D:1      | Gorice the Demonspawn Wanderer began the quest for the Orb.
     0 | D:1      | Gorice set off with the following items: 3 curare-tipped
                  | needles, a +2 blowgun, a +0 robe, a ration; and the
                  | following spell memorised: Freeze; and the following spells
                  | available to memorise: Ozocubu's Armour
     0 | D:1      | Reached XP level 1. HP: 16/16 MP: 3/3
   174 | D:1      | Gained mutation: You are partially covered in iridescent
                  | scales. (AC +2) [demonic ancestry]
   174 | D:1      | Reached XP level 2. HP: 11/23 MP: 5/5
   766 | D:1      | Reached skill level 3 in Fighting
  1294 | D:1      | Reached XP level 3. HP: 29/29 MP: 6/6
  1754 | D:2      | Reached skill level 4 in Fighting
  2224 | D:2      | Reached XP level 4. HP: 28/37 MP: 7/7
  2465 | D:2      | Found a faded altar of an unknown god.
  2466 | D:2      | Noticed Jessica
  2475 | D:2      | Killed Jessica
  2475 | D:2      | Reached skill level 1 in Armour
  2618 | D:2      | Found an ancient bone altar of Kikubaaqudgha.
  3241 | D:3      | Found a shattered altar of Ashenzari.
  3250 | D:3      | Found an ornate altar of the Wu Jian Council.
  3259 | D:3      | Found a glowing silver altar of Zin.
  3268 | D:3      | Found a hide-covered altar of Uskayaw.
  3293 | D:3      | Noticed Terence
  3305 | D:3      | Killed Terence
  3305 | D:3      | Reached XP level 5. HP: 41/43 MP: 8/8
  4026 | D:3      | Reached skill level 5 in Fighting
  4026 | D:3      | Reached skill level 2 in Armour
  4158 | D:4      | Found Toevvyp's Distillery.
  4355 | D:4      | Found a stormy altar of Qazlal.
  4519 | D:5      | Entered Level 5 of the Dungeon
  4703 | D:5      | Found a staircase to the Ecumenical Temple.
  4712 | D:5      | Gained mutation: You have a pair of small horns on your
                  | head. [demonic ancestry]
  4712 | D:5      | Reached XP level 6. HP: 51/51 MP: 9/9
  4714 | D:5      | Noticed a sky beast
  4744 | D:5      | Killed a sky beast
  4744 | D:5      | Reached skill level 3 in Armour
  4776 | Temple   | Entered the Ecumenical Temple
  4982 | Temple   | Became a worshipper of Makhleb the Destroyer
  5395 | D:5      | Reached skill level 6 in Fighting
  5853 | D:6      | Noticed a sky beast
  5865 | D:6      | Killed a sky beast
  5865 | D:6      | Reached skill level 4 in Armour
  5865 | D:6      | Gained mutation: When hurt, damage is shared between your
                  | health and your magic reserves. [demonic ancestry]
  5865 | D:6      | Reached XP level 7. HP: 52/59 MP: 10/10
  5866 | D:6      | Noticed Grinder
  5872 | D:6      | Paralysed by Grinder for 4 turns
  5982 | D:6      | Noticed Edmund
  6019 | D:5      | Killed Edmund
  6227 | D:6      | Noticed Blork the orc
  6250 | D:6      | Killed Blork the orc
  6393 | D:6      | Reached skill level 7 in Fighting
  6393 | D:6      | Reached skill level 5 in Armour
  6508 | D:6      | Reached skill level 1 in Maces & Flails
  6508 | D:6      | Reached XP level 8. HP: 63/67 MP: 11/11
  6558 | D:6      | Reached * piety under Makhleb
  6645 | D:6      | Reached skill level 2 in Maces & Flails
  6735 | D:6      | Reached skill level 3 in Maces & Flails
  6902 | D:6      | Paralysed by Grinder for 4 turns
  6919 | D:6      | Paralysed by Grinder for 6 turns
  6933 | D:6      | Killed Grinder
  6933 | D:6      | Reached skill level 4 in Maces & Flails
  6933 | D:6      | Reached skill level 6 in Armour
  7205 | D:6      | Found a deep blue altar of Sif Muna.
  7422 | D:7      | Found a transporter.
  7422 | D:7      | Noticed nikopol's ghost (novice MiBe)
  7615 | D:7      | Reached skill level 5 in Maces & Flails
  7781 | D:7      | Gained mutation: You are mostly covered in iridescent
                  | scales. (AC +4) [demonic ancestry]
  7781 | D:7      | Reached XP level 9. HP: 72/72 MP: 12/12
  8117 | D:7      | Reached skill level 6 in Maces & Flails
  8177 | D:7      | Reached skill level 7 in Armour
  8531 | D:8      | Reached ** piety under Makhleb
  8572 | D:8      | Reached skill level 7 in Maces & Flails
  8748 | D:8      | Found a staircase to the Lair.
  8803 | D:8      | Found Miacost's Distillery.
  8848 | D:8      | Bought a potion of haste for 120 gold pieces
  8848 | D:8      | Bought a potion of might for 48 gold pieces
  8897 | D:8      | Reached skill level 8 in Maces & Flails
  9311 | D:8      | Gained mutation: You regenerate magic rapidly. [demonic
                  | ancestry]
  9311 | D:8      | Reached XP level 10. HP: 74/79 MP: 11/13
  9581 | D:8      | Reached skill level 8 in Armour
  9744 | D:8      | Reached *** piety under Makhleb
 10295 | D:8      | Found Xax Atif's Jewellery Emporium.
 10402 | D:8      | Reached skill level 9 in Maces & Flails
 10448 | D:8      | Reached **** piety under Makhleb
 10519 | D:8      | Found a roughly hewn altar of Beogh.
 11175 | D:9      | Found a staircase to the Orcish Mines.
 11423 | D:9      | Noticed Maurice
 11435 | D:9      | Killed Maurice
 11672 | D:9      | Got a flickering copper amulet
 11674 | D:9      | Identified the amulet "Igiepot" {Inacc rF+} (You found it
                  | on level 9 of the Dungeon)
 11685 | D:9      | Identified the Almanac of Mutagenic Venom
 12293 | D:10     | Entered Level 10 of the Dungeon
 12369 | D:10     | Noticed a two-headed ogre
 12384 | D:10     | Killed a two-headed ogre
 12384 | D:10     | Reached skill level 2 in Invocations
 12419 | D:10     | Found a transporter.
 12475 | D:10     | Reached skill level 10 in Maces & Flails
 12587 | D:10     | Noticed Snorg
 12610 | D:10     | Killed Snorg
 12610 | D:10     | Reached ***** piety under Makhleb
 12610 | D:10     | Reached skill level 9 in Armour
 12610 | D:10     | Reached skill level 3 in Invocations
 12615 | D:10     | Noticed asdu's ghost (novice GnAM)
 12742 | D:10     | Found a transporter.
 12778 | D:10     | Gained mutation: You have a pair of horns on your head.
                  | [demonic ancestry]
 12778 | D:10     | Reached XP level 11. HP: 84/84 MP: 12/14
 12820 | D:10     | Reached skill level 4 in Invocations
 12990 | D:10     | Noticed Josephine
 13008 | D:10     | Killed Josephine
 13167 | D:10     | Found Ocrukhok's Antique Armour Shop.
 13289 | D:10     | Reached skill level 11 in Maces & Flails
 13936 | Lair:1   | Entered Level 1 of the Lair of Beasts
 14018 | Lair:1   | Found a transporter.
 14205 | Lair:1   | Noticed Erica
 14221 | Lair:1   | Killed Erica
 14378 | Lair:1   | Reached skill level 10 in Armour
 14378 | Lair:1   | Noticed Grum
 14415 | Lair:1   | Killed Grum
 14433 | Lair:1   | Found a transporter.
 14436 | Lair:1   | Noticed galech's ghost (journeyman DsFi)
 14574 | Lair:1   | Reached skill level 12 in Maces & Flails
 15172 | Lair:1   | HP: 24/84 [komodo dragon (5)]
 15449 | Lair:2   | Noticed Sonja
 15459 | Lair:2   | Killed Sonja
 15700 | Lair:1   | Reached XP level 12. HP: 91/91 MP: 15/15
 15797 | Lair:2   | Reached skill level 13 in Maces & Flails
 15875 | Lair:2   | Reached skill level 8 in Fighting
 16303 | Lair:2   | Reached skill level 9 in Fighting
 16535 | Lair:2   | Noticed a dire elephant
 16552 | Lair:2   | Killed a dire elephant
 16975 | Lair:3   | Reached skill level 14 in Maces & Flails
 17012 | Lair:3   | Reached skill level 1 in Evocations
 17014 | Lair:3   | Reached skill level 10 in Fighting
 17033 | Lair:3   | Reached skill level 5 in Invocations
 17033 | Lair:3   | Reached skill level 2 in Evocations
 17413 | Lair:3   | Reached XP level 13. HP: 103/103 MP: 17/17
 17428 | Lair:3   | Reached skill level 3 in Evocations
 17499 | Lair:3   | Reached skill level 6 in Invocations
 17558 | Lair:3   | Reached ****** piety under Makhleb
 17760 | Lair:3   | Found a staircase to the Shoals.
 18184 | Lair:3   | Reached skill level 4 in Evocations
 18346 | Lair:3   | Found a hole to the Spider Nest.
 18522 | Lair:3   | Reached skill level 7 in Invocations
 18583 | Lair:3   | Identified Sif Muna's Papyrus of the Frigorific Blaze
 19231 | Lair:4   | Reached skill level 5 in Evocations
 19323 | Lair:4   | Reached skill level 8 in Invocations
 20467 | Lair:5   | Reached skill level 11 in Armour
 20474 | Lair:5   | Reached skill level 9 in Invocations
 20475 | Lair:5   | Reached skill level 6 in Evocations
 21635 | Lair:6   | Entered Level 6 of the Lair of Beasts
 21989 | Lair:5   | Reached skill level 10 in Invocations
 22275 | Lair:5   | Reached skill level 7 in Evocations
 22349 | Lair:6   | Gained mutation: You regenerate a little health from kills.
                  | [demonic ancestry]
 22349 | Lair:6   | Reached XP level 14. HP: 109/110 MP: 18/21
 22839 | Lair:6   | Noticed Rupert
 23454 | Lair:6   | Reached skill level 8 in Evocations
 23663 | Lair:6   | Reached skill level 12 in Armour
 23694 | Lair:6   | Found a staircase to the Slime Pits.
 23900 | Lair:6   | Killed Rupert
 23900 | Lair:6   | Reached skill level 11 in Fighting
 24420 | Lair:6   | HP: 20/113 [dire elephant (14)]
 24767 | Lair:6   | Got a pair of faintly glowing gloves
 24782 | Lair:6   | Identified the cursed +0 pair of gloves of Insatiable
                  | Hunger {rPois Int+4 Dex-5} (You found it on level 6 of the
                  | Lair of Beasts)
 25518 | D:7      | Found a transporter.
 25562 | D:7      | Killed nikopol's ghost
 25757 | D:10     | Killed asdu's ghost
 25950 | Orc:1    | Entered Level 1 of the Orcish Mines
 25981 | Orc:1    | Found a roughly hewn altar of Beogh.
 26034 | Orc:1    | Reached skill level 12 in Fighting
 26344 | D:10     | Bought a runed plate armour for 806 gold pieces
 26429 | Orc:2    | Entered Level 2 of the Orcish Mines
 26526 | Orc:2    | Reached skill level 13 in Armour
 26590 | Orc:2    | Found a roughly hewn altar of Beogh.
 26791 | Orc:2    | Found a staircase to the Elven Halls.
 27442 | Orc:2    | Paralysed by an orc sorcerer for 3 turns
 27539 | Orc:2    | Gained mutation: When low on magic, you restore magic in
                  | place of health. [demonic ancestry]
 27539 | Orc:2    | Reached XP level 15. HP: 119/122 MP: 20/22
 27801 | Orc:2    | Found Tacaga's Magic Scroll Emporium.
 27820 | Orc:2    | Found Jaedub's Food Boutique.
 27824 | Orc:2    | Found Catz's General Store.
 27828 | Orc:2    | Found Tudyhan's Magic Scroll Emporium.
 27998 | D:8      | Bought an uncursed ring of see invisible for 195 gold
                  | pieces
 28232 | D:11     | Noticed Urug
 28246 | D:11     | Killed Urug
 28246 | D:11     | Reached skill level 14 in Armour
 28342 | D:11     | Found a flagged portal.
 28363 | Bailey   | Entered a bailey
 28428 | Bailey   | Found an iron altar of Okawaru.
 28873 | Bailey   | Identified the +8 chain mail "Edorchuri" {rElec MR++ Int+7}
                  | (You found it in a bailey)
 29132 | D:11     | Reached skill level 13 in Fighting
 29462 | Lair:1   | Found the +10 morningstar "Eos" {elec, Halo rElec}
 29995 | D:12     | Found the +3 warlock's mirror {reflect}
 30302 | D:12     | Found Enwuor's Assorted Antiques.
 30321 | D:12     | Bought a pair of glowing gloves for 240 gold pieces
 30362 | D:12     | Noticed Azrael
 30377 | D:12     | Killed Azrael
 30396 | D:12     | Reached skill level 2 in Shields
 30946 | D:13     | Reached skill level 15 in Armour
 30985 | D:13     | Found a gate leading to a gauntlet.
 31042 | Gauntlet | Entered a Gauntlet
 31042 | Gauntlet | Found a transporter.
 31052 | Gauntlet | Found a transporter.
 31068 | Gauntlet | Found a transporter.
 31113 | Gauntlet | Found a transporter.
 31129 | Gauntlet | Found a transporter.
 31136 | Gauntlet | Found a transporter.
 31161 | Gauntlet | Found a transporter.
 31177 | Gauntlet | Found a transporter.
 31189 | Gauntlet | Found a transporter.
 31201 | Gauntlet | Found a transporter.
 31213 | Gauntlet | Found a transporter.
 31225 | Gauntlet | Found a transporter.
 31244 | Gauntlet | Found a transporter.
 31289 | Gauntlet | Found a transporter.
 31291 | Gauntlet | Found a transporter.
 31293 | Gauntlet | Found a transporter.
 31323 | Gauntlet | Found a transporter.
 31325 | Gauntlet | Found a transporter.
 31381 | Gauntlet | Got a pitted short sword
 31427 | Gauntlet | Got a scorched great mace
 31428 | Gauntlet | Identified the cursed +2 great mace of Profit {crush, +Fly
                  | rPois rF++ Dex+2} (You found it in a Gauntlet)
 31507 | Gauntlet | Got a crude turquoise ring
 31512 | Gauntlet | Identified the ring "Isaot" {MR+ Dex+4 Stlth+} (You found
                  | it in a Gauntlet)
 31586 | Gauntlet | Reached skill level 3 in Shields
 31605 | Gauntlet | Got a shimmering bronze ring
 31608 | Gauntlet | Identified the ring "Ucokat" {rCorr MR++} (You found it in
                  | a Gauntlet)
 32493 | D:14     | Found a basalt altar of Yredelemnul.
 32660 | D:14     | Reached skill level 4 in Shields
 32681 | D:14     | Found a gate to the Vaults.
 32772 | D:14     | Found Edgheafilo's Book Boutique.
 32882 | D:14     | Reached skill level 14 in Fighting
 32972 | D:14     | You fall through a shaft!
 32972 | D:15     | Entered Level 15 of the Dungeon
 33181 | D:14     | Reached skill level 16 in Armour
 33534 | D:15     | Gained mutation: Your flesh is heat resistant. (rF+)
                  | [demonic ancestry]
 33534 | D:15     | Reached XP level 16. HP: 133/133 MP: 23/23
 33977 | D:15     | Found a staircase to the Depths.
 34383 | Spider:1 | Entered Level 1 of the Spider Nest
 35243 | Spider:1 | Upgraded the game from 0.23-a0-644-gb60d84b to
                  | 0.23-a0-650-ga4d50d4
 35387 | Spider:2 | Noticed Arachne
 35425 | Spider:1 | Reached skill level 17 in Armour
 35427 | Spider:1 | Killed Arachne
 35427 | Spider:1 | Reached skill level 15 in Fighting
 35514 | Spider:2 | Reached skill level 15 in Maces & Flails
 36533 | Spider:3 | Reached skill level 2 in Throwing
 36771 | Spider:3 | Reached XP level 17. HP: 142/142 MP: 24/24
 37111 | Spider:4 | Entered Level 4 of the Spider Nest
 37126 | Spider:4 | Found a frozen archway.
 37134 | IceCv    | Entered an ice cave
 37153 | IceCv    | Reached skill level 3 in Throwing
 37519 | IceCv    | Noticed an Ice Fiend
 37549 | IceCv    | HP: 35/143 [??? (25)]
 37563 | IceCv    | HP: 24/143 [??? (13)]
 38178 | IceCv    | HP: 61/214 [??? (48)]
 38180 | IceCv    | Killed an Ice Fiend
 38702 | IceCv    | Got a scorched glaive
 38707 | IceCv    | Got a warped hat
 38740 | Spider:4 | Identified the cursed +0 hat of Sokiog {-Cast +Inv rElec}
                  | (You found it in an ice cave)
 38824 | Spider:4 | Reached skill level 4 in Throwing
 39411 | Spider:4 | Reached skill level 16 in Fighting
 39618 | Spider:4 | Reached skill level 5 in Throwing
 40157 | Spider:4 | Reached skill level 11 in Invocations
 40162 | Spider:4 | Reached skill level 16 in Maces & Flails
 40175 | Spider:4 | Got a gossamer rune of Zot
 40487 | Shoals:1 | Entered Level 1 of the Shoals
 40545 | Shoals:1 | Reached skill level 6 in Throwing
 40988 | Shoals:1 | Reached skill level 12 in Invocations
 41227 | Shoals:2 | Reached skill level 7 in Throwing
 41230 | Shoals:2 | Learned a level 1 spell: Animate Skeleton
 41233 | Shoals:2 | Learned a level 2 spell: Blink
 41237 | Shoals:2 | Learned a level 3 spell: Regeneration
 41280 | Shoals:2 | Reached skill level 1 in Necromancy
 41285 | Shoals:2 | Reached skill level 1 in Translocations
 41350 | Shoals:2 | Reached skill level 2 in Necromancy
 41415 | Shoals:2 | Reached skill level 2 in Translocations
 41422 | Shoals:2 | Gained mutation: You are completely covered in iridescent
                  | scales. (AC +6) [demonic ancestry]
 41422 | Shoals:2 | Reached XP level 18. HP: 151/151 MP: 27/27
 41595 | Shoals:2 | Reached skill level 3 in Necromancy
 41708 | Shoals:2 | Found Siesoukogo's Food Shop.
 41725 | Shoals:2 | Reached skill level 3 in Translocations
 42052 | Shoals:3 | Noticed Polyphemus
 42059 | Shoals:2 | Reached skill level 4 in Necromancy
 42070 | Shoals:2 | Killed Polyphemus
 42100 | Shoals:2 | Reached skill level 8 in Throwing
 42615 | Shoals:3 | Reached skill level 4 in Translocations
 42709 | Shoals:3 | Reached skill level 5 in Necromancy
 43212 | Shoals:3 | Found Bewol's Jewellery Shoppe.
 43219 | Shoals:3 | Reached skill level 5 in Translocations
 43237 | Shoals:3 | Reached skill level 6 in Necromancy
 43615 | Shoals:4 | Entered Level 4 of the Shoals
 43878 | Shoals:4 | Reached skill level 7 in Necromancy
 43930 | Shoals:4 | Identified the +4 ring mail of Otzy Biuna {MR++ rCorr
                  | Dex+4} (You found it on level 4 of the Shoals)
 43981 | Shoals:4 | Reached skill level 6 in Translocations
 44407 | Shoals:4 | Reached skill level 13 in Invocations
 44410 | Shoals:4 | Reached skill level 8 in Necromancy
 44465 | Shoals:4 | Got a barnacled rune of Zot
 44840 | Lair:1   | Reached skill level 7 in Translocations
 44849 | Lair:1   | Killed galech's ghost
 45096 | Vaults:1 | Entered Level 1 of the Vaults
 45185 | Vaults:1 | Gained mutation: You are immune to clouds of flame.
                  | [demonic ancestry]
 45185 | Vaults:1 | Reached XP level 19. HP: 128/157 MP: 24/29
 45342 | Vaults:1 | Reached skill level 9 in Necromancy
 45495 | Vaults:1 | Reached skill level 14 in Invocations
 45647 | Vaults:1 | Reached skill level 8 in Translocations
 45865 | Vaults:1 | Reached skill level 10 in Necromancy
 45870 | Vaults:1 | Learned a level 3 spell: Vampiric Draining
 46004 | Vaults:1 | Reached skill level 3 in Spellcasting
 46121 | Vaults:1 | You fall through a shaft!
 46330 | Vaults:1 | Reached skill level 15 in Invocations
 46362 | Vaults:1 | Reached skill level 4 in Spellcasting
 46417 | Vaults:1 | Reached skill level 11 in Necromancy
 46562 | Vaults:1 | Found Peorgh Le Her's Assorted Antiques.
 46895 | Vaults:2 | Reached skill level 5 in Spellcasting
 46899 | Vaults:2 | Found Siowkirph's Food Shop.
 47021 | Vaults:2 | Found Hetrudil's Assorted Antiques.
 47329 | Vaults:2 | Identified the ring of Dagomech {rN++ Int+3}
 47377 | Vaults:2 | Found a staircase to the Crypt.
 47481 | Vaults:2 | Found Cenirch's Armour Shoppe.
 47562 | Vaults:2 | Found Mosiara's Assorted Antiques.
 47565 | Vaults:2 | Found Asaykuan's Weapon Shoppe.
 47710 | Vaults:2 | Noticed Mennas
 47730 | Vaults:2 | Killed Mennas
 47985 | Vaults:3 | Reached skill level 16 in Invocations
 48010 | Vaults:2 | Reached skill level 6 in Spellcasting
 48017 | Vaults:2 | Reached XP level 20. HP: 104/164 MP: 17/32
 48311 | Vaults:3 | Reached skill level 12 in Necromancy
 48368 | Vaults:3 | Reached skill level 7 in Spellcasting
 48719 | Vaults:3 | Reached skill level 8 in Spellcasting
 49047 | Vaults:3 | Found Neiriseu's Book Shoppe.
 49100 | Vaults:3 | Reached skill level 9 in Spellcasting
 49520 | Vaults:3 | Noticed Mara
 49530 | Vaults:3 | Killed Mara
 49741 | Vaults:4 | Reached skill level 10 in Spellcasting
 49845 | Vaults:4 | Reached skill level 9 in Evocations
 50013 | Vaults:4 | Reached skill level 9 in Throwing
 50723 | Vaults:4 | Reached skill level 10 in Evocations
 51552 | Crypt:1  | Entered Level 1 of the Crypt
 51552 | Crypt:1  | Noticed Khufu
 51563 | Crypt:1  | Reached skill level 10 in Throwing
 51589 | Vaults:2 | Killed Khufu
 51804 | Vaults:2 | Reached skill level 2 in Dodging
 51804 | Vaults:2 | Reached XP level 21. HP: 171/171 MP: 35/35
 51901 | Crypt:1  | Learned a level 3 spell: Spectral Weapon
 51976 | Crypt:1  | Reached skill level 3 in Dodging
 51980 | Crypt:1  | Reached skill level 1 in Hexes
 52071 | Crypt:1  | Reached skill level 2 in Charms
 52085 | Crypt:1  | Reached skill level 2 in Hexes
 52284 | Crypt:1  | Reached skill level 4 in Dodging
 52290 | Crypt:1  | Reached skill level 3 in Hexes
 52290 | Crypt:1  | Reached skill level 3 in Charms
 53001 | Crypt:2  | Reached skill level 4 in Hexes
 53014 | Crypt:2  | Reached skill level 4 in Charms
 53111 | Crypt:2  | Reached skill level 5 in Dodging
 53268 | Crypt:3  | Entered Level 3 of the Crypt
 53388 | Crypt:3  | Noticed Sojobo
 53421 | Crypt:3  | Killed Sojobo
 53446 | Crypt:3  | Reached skill level 5 in Hexes
 53636 | Crypt:3  | Found a staircase to the Tomb.
 53789 | Crypt:3  | Reached skill level 5 in Charms
 53869 | Crypt:3  | Reached skill level 6 in Dodging
 53908 | Crypt:3  | Reached skill level 17 in Fighting
 53955 | Crypt:2  | HP: 41/174 [??? (13)]
 54323 | Crypt:3  | Reached skill level 6 in Hexes
 54506 | Crypt:3  | Gained mutation: You have a pair of large horns on your
                  | head. [demonic ancestry]
 54506 | Crypt:3  | Reached XP level 22. HP: 153/181 MP: 29/36
 54707 | Crypt:3  | Noticed an ancient lich
 54707 | Crypt:3  | Noticed an ancient lich
 54739 | Crypt:3  | Killed an ancient lich
 54739 | Crypt:3  | Reached skill level 6 in Charms
 54748 | Crypt:3  | Killed an ancient lich
 54769 | Crypt:3  | Noticed an ancient lich
 54794 | Crypt:3  | Killed an ancient lich
 54794 | Crypt:3  | Reached skill level 7 in Dodging
 54794 | Crypt:3  | Reached skill level 7 in Hexes
 55537 | Vaults:2 | Bought shiny pearl dragon scales for 4186 gold pieces
 55963 | Elf:1    | Entered Level 1 of the Elven Halls
 56060 | Elf:1    | Identified the Papyrus of Attacks
 56349 | Elf:1    | Reached skill level 7 in Charms
 56390 | Elf:1    | Learned a level 1 spell: Apportation
 56980 | Elf:2    | Identified the cursed +0 chain mail "Gufolad" {rC+} (You
                  | found it on level 2 of the Elven Halls)
 57060 | Elf:2    | Reached skill level 8 in Hexes
 57080 | Elf:2    | Reached skill level 8 in Dodging
 57081 | Elf:2    | Found a ruined gateway.
 57249 | Desolati | Entered the Desolation of Salt
 57354 | Desolati | Reached skill level 8 in Charms
 57519 | Desolati | Got an ancient golden amulet
 57520 | Desolati | Identified the amulet "Pits" {Gourm +Inv rF++ Int+2 Slay-2}
                  | (You found it in the Desolation of Salt)
 57690 | Desolati | Got a warped silver ring
 57692 | Desolati | Got a shimmering wooden ring
 57705 | Desolati | Identified the ring "Xiaher" {*Corrode Int+6 Dex+6} (You
                  | found it in the Desolation of Salt)
 57706 | Desolati | Identified the ring "Umiyr" {rC+ Slay+3 Stlth+} (You found
                  | it in the Desolation of Salt)
 57780 | Desolati | Reached skill level 9 in Dodging
 57783 | Desolati | Reached skill level 18 in Fighting
 57873 | Desolati | Found the +9 staff of Olgreb {rPois}
 57913 | Desolati | Got a fine shield
 57923 | Desolati | Got a scorched ruby amulet
 57940 | Desolati | Got a smoking amber ring
 57965 | Desolati | Identified the amulet "Pien" {Faith MR+} (You found it in
                  | the Desolation of Salt)
 57966 | Desolati | Identified the ring of Division {rCorr rPois Int+5 Dex-3}
                  | (You found it in the Desolation of Salt)
 57967 | Desolati | Identified the cursed +0 shield of Jaiser {rF+++ rCorr
                  | Dex-3 SInv} (You found it in the Desolation of Salt)
 58445 | Elf:2    | Found a large runed door.
 58445 | Elf:2    | Found a large runed door.
 58471 | Elf:2    | Found a large runed door.
 58471 | Elf:2    | Found a large runed door.
 58638 | Elf:2    | Gained mutation: You can hurl damnation. [demonic ancestry]
 58638 | Elf:2    | Reached XP level 23. HP: 190/190 MP: 35/37
 58639 | Elf:2    | Noticed Louise
 58646 | Elf:2    | Killed Louise
 58892 | Elf:2    | Reached skill level 11 in Spellcasting
 59025 | Elf:3    | Entered Level 3 of the Elven Halls
 59087 | Elf:3    | Reached skill level 10 in Dodging
 59865 | Elf:3    | Identified the cursed +3 mace of Distant Shores {venom,
                  | rElec rF+ MR-}
 59865 | Elf:3    | Identified the +2 robe of the Five Curses {rC+ MR+ Str+4
                  | SInv}
 59949 | Elf:3    | Cast into level 3 of the Abyss (deep elf demonologist)
 60147 | Abyss:3  | Got an abyssal rune of Zot
 60366 | Elf:3    | Escaped the Abyss
 60722 | Elf:3    | Reached skill level 11 in Dodging
 60722 | Elf:3    | Reached skill level 12 in Spellcasting
 60987 | Elf:3    | Learned a level 2 spell: Swiftness
 60990 | Elf:3    | Identified the Volume of Evil and Combat Magic
 60997 | Elf:3    | Got a warped ruby amulet
 61009 | Elf:3    | Got a sparkling golden amulet
 61034 | Elf:3    | Identified the amulet "Bijiupp" {+Rage Str+6} (You found it
                  | on level 3 of the Elven Halls)
 61035 | Elf:3    | Identified the amulet of Usogeru {Inacc +Fly rPois rN+
                  | Stlth+} (You found it on level 3 of the Elven Halls)
 61504 | Depths:1 | Entered Level 1 of the Depths
 61525 | Depths:1 | Reached skill level 19 in Fighting
 61607 | Depths:1 | Found a gateway to Hell.
 61983 | Depths:1 | Found Tonkip's Gadget Boutique.
 62320 | Depths:1 | Found a corrupted altar of Lugonu.
 62320 | Depths:1 | Found a one-way gate to the infinite horrors of the Abyss.
 62698 | Depths:2 | Reached skill level 12 in Dodging
 62841 | Depths:2 | Reached XP level 24. HP: 203/203 MP: 39/39
 63078 | Depths:2 | Reached skill level 20 in Fighting
 63373 | Depths:2 | Identified the ring of the Archfiend {rElec rF+ rN+}
 63377 | Depths:2 | Reached skill level 5 in Shields
 63384 | Depths:2 | Identified the cursed ring "Yritsuamaxt" {+Blink EV-3
                  | Int+4}
 63442 | Depths:2 | Identified the ring "Abirgh" {Fire rPois Str+9 Int-3 Dex-5}
 63443 | Depths:2 | Identified the cursed ring of the Country {rC++ Int-2}
 63700 | Depths:2 | Reached skill level 6 in Shields
 63774 | Depths:2 | Got a bound copper ring
 63775 | Depths:2 | Identified the ring "Ashexeth" {AC+3 Str+5} (You found it
                  | on level 2 of the Depths)
 63844 | Depths:2 | Found the ring of Phasing {EV+8}
 63886 | Depths:2 | --heh, like busses: already found a +6 and 2 +5 rings of
                  | evasion
 63886 | Depths:2 | --so of course, also find ring of Phasing!
 64088 | Depths:3 | Reached skill level 7 in Shields
 64238 | Depths:3 | Reached skill level 18 in Armour
 64251 | Depths:3 | Identified the +0 pair of gloves of the Sunfish {rPois
                  | rCorr Str+7 Dex-2}
 64251 | Depths:3 | Noticed Nikola
 64258 | Depths:3 | Killed Nikola
 64331 | Depths:3 | Reached skill level 8 in Shields
 64646 | Depths:3 | You fall through a shaft!
 64812 | Depths:3 | Found a one-way gate leading to the halls of Pandemonium.
 65174 | Depths:3 | Reached skill level 19 in Armour
 65188 | Depths:3 | Noticed a juggernaut
 65287 | Depths:3 | Killed a juggernaut
 65347 | Depths:3 | Reached XP level 25. HP: 207/210 MP: 34/39
 65748 | Depths:3 | Reached skill level 20 in Armour
 66061 | Depths:4 | Found a huge runed gate.
 66061 | Depths:4 | Found a huge runed gate.
 66061 | Depths:4 | Found a huge runed gate.
 66061 | Depths:4 | Found a huge runed gate.
 66061 | Depths:4 | Found a huge runed gate.
 66061 | Depths:4 | Found a huge runed gate.
 66061 | Depths:4 | Found a huge runed gate.
 66061 | Depths:4 | Found a huge runed gate.
 66061 | Depths:4 | Found a huge runed gate.
 66077 | Depths:4 | Found a huge runed gate.
 66077 | Depths:4 | Found a huge runed gate.
 66865 | Depths:4 | Found a huge runed gate.
 66865 | Depths:4 | Found a huge runed gate.
 66865 | Depths:4 | Found a huge runed gate.
 66968 | Depths:4 | Found a huge runed gate.
 66968 | Depths:4 | Found a huge runed gate.
 66974 | Depths:4 | Found a huge runed gate.
 66974 | Depths:4 | Found a huge runed gate.
 66974 | Depths:4 | Found a huge runed gate.
 66974 | Depths:4 | Found a huge runed gate.
 66974 | Depths:4 | Found a huge runed gate.
 66974 | Depths:4 | Found a huge runed gate.
 66975 | Depths:4 | Found a huge runed gate.
 66976 | Depths:4 | Found a huge runed gate.
 66977 | Depths:4 | Found a huge runed gate.
 67059 | Depths:4 | Noticed a juggernaut
 67079 | Depths:4 | HP: 62/212 [iron dragon (4)]
 67085 | Depths:4 | HP: 58/212 [poisoned by a spriggan defender]
 67346 | Depths:4 | Killed a juggernaut
 67573 | Depths:4 | Reached skill level 21 in Fighting
 67744 | Depths:5 | Entered Level 5 of the Depths
 67775 | Depths:5 | Reached skill level 21 in Armour
 68011 | Depths:5 | Found Borik's Jewellery Shop.
 68011 | Depths:5 | Found Hirphuarph's Gadget Emporium.
 68012 | Depths:5 | Found Kubeze's Gadget Emporium.
 68047 | Depths:5 | Found a gateway to a ziggurat.
 68074 | Depths:5 | Found a large runed door.
 68075 | Depths:5 | Found a large runed door.
 68078 | Depths:5 | Noticed Xieheeq's ghost (journeyman SpBe)
 68091 | Depths:5 | Killed Xieheeq's ghost
 68097 | Depths:5 | Got a scintillating platinum ring
 68107 | Depths:5 | Identified the ring "Lubet" {MR+ Str+4} (You found it on
                  | level 5 of the Depths)
 68132 | Depths:5 | Found a glowing golden altar of the Shining One.
 68190 | Depths:5 | Noticed a juggernaut
 68199 | Depths:5 | Killed a juggernaut
 68579 | Depths:5 | Gained mutation: You regenerate health from kills. [demonic
                  | ancestry]
 68579 | Depths:5 | Reached XP level 26. HP: 222/222 MP: 38/39
 68736 | Depths:5 | Found a gate to the Realm of Zot.
 69489 | Vaults:5 | Entered Level 5 of the Vaults
 69800 | Vaults:4 | Ciappina: rofl makhleb and a halo
 69801 | Vaults:4 | Gorice: yes Ds as well, so a novelty to have a halo
 69858 | Vaults:5 | Reached skill level 22 in Fighting
 69912 | Vaults:5 | Identified the +8 flail "Hell-Harrower" {drain, Str+5
                  | Int-4}
 69941 | Vaults:5 | Got a silver rune of Zot
 69953 | Vaults:5 | Ciappina: what's the special ability of maces and flails?
 69962 | Vaults:5 | Reached skill level 22 in Armour
 69962 | Vaults:5 | Gorice: They don't have one
 69962 | Vaults:5 | Gorice: Unlike lblades/axes/polearms
 70033 | Vaults:5 | Identified Wetil Fif's Catalogue of Shifting Feathers
 70172 | Vaults:5 | Found the +3 pair of gauntlets of War {Slay+5}
 70184 | Vaults:5 | --Yay!
 70215 | Vaults:5 | Identified the Disquisition on Lucky Envenoming
 70283 | Vaults:5 | Noticed Xtahua
 70297 | Vaults:5 | Killed Xtahua
 70298 | Vaults:5 | Noticed an ancient lich
 70303 | Vaults:5 | Reached skill level 13 in Necromancy
 70312 | Vaults:5 | Killed an ancient lich
 70312 | Vaults:5 | Reached skill level 17 in Invocations
 70573 | Vaults:5 | Identified the +8 morningstar "Esmilih" {flame, Fragile
                  | rPois Str+7 Dex+3}
 70678 | Vaults:5 | Noticed an ancient lich
 70684 | Vaults:4 | Reached skill level 14 in Necromancy
 70728 | Vaults:5 | Reached skill level 18 in Invocations
 70737 | Vaults:5 | Killed an ancient lich
 70755 | Vaults:5 | Gained mutation: You regenerate a lot of health from kills.
                  | [demonic ancestry]
 70755 | Vaults:5 | Reached XP level 27. HP: 231/231 MP: 37/39
 70769 | Vaults:5 | Reached skill level 15 in Necromancy
 70777 | Vaults:5 | Reached skill level 1 in Air Magic
 70812 | Vaults:5 | Reached skill level 2 in Air Magic
 70822 | Vaults:5 | Identified the cursed +0 robe "Moim" {Dex+4}
 70866 | Vaults:5 | Reached skill level 3 in Air Magic
 70936 | Vaults:5 | Reached skill level 4 in Air Magic
 71868 | Lair:1   | Gorice: OK have to stop, time to make tea
 71880 | Lair:1   | Learned a level 4 spell: Airstrike
 72013 | Slime:1  | Entered Level 1 of the Pits of Slime
 72015 | Slime:1  | Gained mutation: Armour fits poorly on your strangely
                  | shaped body. [a shining eye]
 72082 | Slime:2  | Reached skill level 5 in Air Magic
 72128 | Slime:3  | Gained mutation: You are weak. (Str -2) [a shining eye]
 72149 | Slime:3  | Reached skill level 16 in Necromancy
 72215 | Slime:5  | Entered Level 5 of the Pits of Slime
 72222 | Slime:5  | Gained mutation: Your magical capacity is low. (-10% MP) [a
                  | shining eye]
 72240 | Slime:5  | Reached skill level 6 in Air Magic
 72529 | Slime:5  | Noticed the Royal Jelly
 72541 | Slime:5  | Reached skill level 7 in Air Magic
 72565 | Slime:5  | Killed the Royal Jelly
 72588 | Slime:5  | Got a slimy rune of Zot
 72602 | Slime:5  | Learned a level 1 spell: Summon Butterflies
 72630 | Slime:5  | Identified the +2 morningstar "Febephec" {crush, *Slow
                  | Str+3 Dex+5} (You found it on level 5 of the Pits of Slime)
 72671 | Slime:5  | Identified Cuhuj's Guide on Fire and Conjuration
 72684 | Slime:5  | Identified the +8 plate armour of Quantum Leap {Int+4} (You
                  | found it on level 5 of the Pits of Slime)
 72713 | Slime:5  | Identified the +4 executioner's axe "Nerhi" {flame, rElec
                  | Int+4} (You found it on level 5 of the Pits of Slime)
 73444 | Vaults:2 | Bought a leatherbound book for 615 gold pieces
 73448 | Vaults:2 | Learned a level 3 spell: Portal Projectile
 74021 | Pan      | Entered Pandemonium
 74043 | Pan      | Reached skill level 1 in Summonings
 74086 | Pan      | Found a runed door.
 74094 | Pan      | Found a runed door.
 74121 | Pan      | Found a runed door.
 74131 | Pan      | Found a runed door.
 74179 | Pan      | Noticed Gugra the pandemonium lord
 74191 | Pan      | Reached skill level 8 in Air Magic
 74221 | Pan      | Reached skill level 2 in Summonings
 74235 | Pan      | HP: 68/231 [balrug/+0 demon whip (6)]
 74240 | Pan      | HP: 49/231 [burnt (2)]
 74249 | Pan      | HP: 32/231 [Brimstone Fiend/damnation (32)]
 74256 | Pan      | HP: 47/231 [??? (30)]
 74458 | Pan      | Reached skill level 3 in Summonings
 74803 | Pan      | Found a transporter.
 74887 | Pan      | Reached skill level 4 in Summonings
 74927 | Pan      | Found a transporter.
 75011 | Pan      | Reached skill level 9 in Translocations
 75064 | Pan      | Found an exit through the horrors of the Abyss.
 75158 | Pan      | Reached skill level 9 in Air Magic
 75180 | Pan      | Reached skill level 5 in Summonings
 75496 | Pan      | Reached skill level 6 in Summonings
 75637 | Pan      | Reached skill level 10 in Translocations
 75760 | Pan      | Noticed Ewuc the pandemonium lord
 75779 | Pan      | Killed Ewuc the pandemonium lord
 75779 | Pan      | Reached skill level 7 in Summonings
 75866 | Pan      | Found an exit through the horrors of the Abyss.
 75880 | Pan      | Reached skill level 11 in Translocations
 76044 | Pan      | Reached skill level 8 in Summonings
 76179 | Pan      | Reached skill level 12 in Translocations
 76239 | Pan      | Noticed Upnamize the pandemonium lord
 76250 | Pan      | Killed Upnamize the pandemonium lord
 76322 | Pan      | Found a runed door.
 76377 | Pan      | Found a runed door.
 76408 | Pan      | Found a runed door.
 76420 | Pan      | Found a runed door.
 76498 | Pan      | Got a shimmering amber ring
 76499 | Pan      | Identified the ring of Angi {rElec Int+4} (You found it in
                  | Pandemonium)
 76509 | Pan      | Noticed Waofeph the pandemonium lord
 76522 | Pan      | Reached skill level 13 in Translocations
 76547 | Pan      | Paralysed by a floating eye for 4 turns
 76557 | Pan      | Paralysed by a floating eye for 2 turns
 76561 | Pan      | Killed Waofeph the pandemonium lord
 76869 | Pan      | Noticed Moema the pandemonium lord
 76880 | Pan      | HP: 56/231 [blizzard demon/the air[Moema] (19)]
 76882 | Pan      | HP: 22/231 [Moema the pandemonium lord/great blast of fire
                  | (34)]
 76909 | Pan      | HP: 64/231 [cacodemon (11)]
 76914 | Pan      | HP: 61/231 [starcursed mass/accursed screaming[a gelid
                  | corrupter] (4)]
 76914 | Pan      | Paralysed by accursed screaming for 1 turns
 76920 | Pan      | HP: 67/231 [blizzard demon[Moema] (1)]
 77077 | Pan      | Killed Moema the pandemonium lord
 77077 | Pan      | Reached skill level 14 in Translocations
 77196 | Pan      | Found an exit through the horrors of the Abyss.
 77681 | Pan      | Reached skill level 15 in Translocations
 77705 | Pan      | Noticed Puuphut the pandemonium lord
 77727 | Pan      | HP: 66/231 [Puuphut the pandemonium lord (10)]
 77731 | Pan      | HP: 14/231 [Puuphut the pandemonium lord (25)]
 77735 | Pan      | Slain by Puuphut the pandemonium lord

Vault maps used:
D:1:      mushboom_english_gardens, serial_bayou, serial_bayou_shore_a,
          serial_bayou_pond_b, serial_bayou_lagoon_a, serial_bayou_shore_b
D:2:      nicolae_overflow_hidden_temple, chequers_ecumenical_altar_simple,
          due_unseen_surprise, uniq_jessica
D:3:      grunt_temple_overflow_cloverleaf, st_stairs_8, minivault_24,
          uniq_terence
D:4:      kennysheep_little_box, serial_shops, shop
D:5:      minmay_temple_entry_glass, first_ration
D:6:      led_sif_book, nrook_campfire, uniq_grinder, uniq_blork_the_orc,
          uniq_edmund
D:7:      gammafunk_ghost_smash
D:8:      erik_lair_orcish_takeover, special_room, serial_gnoll_camp,
          gnoll_camp_mini_shop, gnoll_camp_medium_01, gnoll_camp_mini_sergeant,
          gnoll_camp_mini_shop, gnoll_camp_mini_doghouse, gnoll_camp_mini_house
D:9:      hiddenorc2_lemuel, uniq_maurice
D:10:     gammafunk_ghost_arena, serial_shops, nicolae_shop_waterfront,
          uniq_josephine, uniq_snorg
D:11:     cheibrodos_lost_city_excavation, enter_bailey_4, uniq_urug
D:12:     minmay_smoke_and_mirrors, serial_shops,
          nicolae_shop_overgrown_old_shop, hangedman_stone_soup, uniq_azrael
D:13:     gauntlet_entry_generic
D:14:     ximxim_vaults_locker_room, serial_shops, shop,
          yredelemnul_altar_generic
D:15:     gammafunk_enter_depths_forms
Temple:   regret_index_temple_generic_petals
Lair:1:   gammafunk_ghost_berserking_beasts, serial_bayou_shore_b, uniq_erica,
          uniq_grum
Lair:2:   mu_elephants_graveyard, serial_bayou_shore_b, uniq_sonja
Lair:3:   elwin_shoals_entry_rooms, nicolae_spider_entry_tight_spaces
Lair:4:   minmay_holes, minmay_stone_trees_large
Lair:6:   due_jungle_book, slime_dummy, fungi_pond_lemuel, minivault_26,
          grunt_forest_large_clearings, infiniplex_staircase_pool, uniq_rupert
Shoals:1: centaur_isle
Shoals:2: serial_shops, shop_fountains, nicolae_shoals_aquamancer_cove
Shoals:3: serial_shops, nicolae_shop_statue_plus, nicolae_shoals_drake_roost,
          uniq_polyphemus
Shoals:4: shoals_end_simple
Spider:2: zaba_antful_of_joy, uniq_arachne
Spider:4: guppyfry_spider_rune, portal_ice_cave_entry_pillars_four
Slime:3:  nicolae_slime_barrier
Orc:1:    mines1_david
Orc:2:    st_orc_elflike, basic_altar
Elf:1:    minmay_elf_annihilation
Elf:2:    portal_desolation_entry_garden, uniq_louise
Elf:3:    minmay_elf_hall_statues
Vaults:1: vaults_mumra_minichess, vaults_standard_mumra_lines,
          nicolae_vaults_twisting_passages, vaults_mumra_hex,
          nicolae_vaults_c_with_doors, v_misc_27, vaults_dpeg_ring,
          hangedman_vaults_nails, nicolae_vaults_little_squares_5, serial_shops,
          shop_statue
Vaults:2: v_rooms_4, nicolae_vaults_little_squares_3,
          ontoclasm_vaults_decontamination, minmay_crypt_entry_simple_statues,
          v_misc_23, nicolae_vaults_mini_display_case,
          vaults_standard_mumra_enter_the_diamond, serial_shops,
          nicolae_shop_trees, shop, shop_fountains, shop, shop, uniq_mennas
Vaults:3: hangedman_vaults_unwind, st_lattice, nicolae_vaults_network_star,
          vaults_room_boxed, v_misc_16, nicolae_vaults_little_squares_1,
          hangedman_vaults_slice, dpeg_vaults_monster_box,
          grunt_vaults_hallway_short, vaults_dpeg_diagonal, serial_shops,
          nicolae_shop_statue_plus, uniq_mara
Vaults:4: v_pattern_4, grunt_vaults_swirl, vaults_room_grunt_arrival_ludios,
          vaults_dpeg_spiral, v_misc_3, hangedman_vaults_stretched_pinwheel,
          nicolae_vaults_puzzle_piece, vaults_mumra_chevron, v_misc_2
Vaults:5: uniq_xtahua
Crypt:1:  uniq_khufu
Crypt:2:  basic_stair_grate_trap, grunt_megastairs_1
Crypt:3:  david_glass_crypt, uniq_sojobo
Depths:1: serial_shops, shop, abyss_entry_flame_altar,
          chequers_serial_rivers_large_a, hell_entry, minivault_14,
          kennysheep_generic_room_8
Depths:2: minmay_the_grid_triangle_9x9_recursive_3, hangedman_tar_grid_catacomb,
          minmay_gold_behind_fungi
Depths:3: kennysheep_large_vault, hell_entry, serial_sigils_hangedman_quiver,
          grunt_pan_entry_spiral, minmay_staircase_bubble, uniq_nikola
Depths:4: lemuel_castle_with_subvaults, hell_entry, hangedman_abyss_entry_splay,
          door_vault
Depths:5: grunt_zot_entry_hairpin, enter_ziggurat_f, tso_metal_star,
          ebering_ghost_disaster_area, hell_entry, minmay_shop_grove
Abyss:3:  minivault_22, evilmike_abyss_rune_tso_outpost
Pan:      rand_demon_7, gammafunk_dig_for_victory, lemuel_hellion_island,
          pan_blood_fountain_small, evilmike_mini_pan_possible_glass,
          evilmike_mini_pan_branches, pan_blood_fountain_small,
          nicolae_pan_cerebovesque_1, reaverb_pan_figure_eight,
          evilmike_mini_pan_pillars_b, pan_blood_fountain,
          evilmike_mini_pan_doors, pan_blood_fountain, rand_demon_7,
          nicolae_pan_gloorx_vloqian_4, pan_captured_pigsty, rand_demon_8,
          evilmike_mini_pan_V
Bailey:   bailey_axe_of_yendor_kennysheep, bailey
IceCv:    ice_cave_caverns_03
Gauntlet: gammafunk_gauntlet_one_two_three

Skill      XL: |  1  2  3  4  5  6  7  8  9 10 11 12 13 14 15 16 17 18 19 20 21 22 23 24 25 26 27 |
---------------+----------------------------------------------------------------------------------+-----
Fighting       | 3 4 5 6 7 10 12 14 15 16 17 18 19 20 21 22 | 22.0
Armour         | 1 2 4 5 6 7 9 10 11 13 16 17 19 21 22 | 22.0
Maces & Flails | 1 5 8 10 12 14 15 16 | 16.0
Invocations    | 3 4 5 10 12 13 16 18 | 18.0
Evocations     | 2 7 8 10 | 10.0
Shields        | 4 8 |  8.0
Throwing       | 2 7 8 10 | 10.0
Necromancy     | 2 8 11 12 14 16 | 16.9
Translocations | 2 7 8 15 | 15.0
Spellcasting   | 6 10 12 | 12.0
Dodging        | 2 6 9 12 | 12.0
Hexes          | 6 8 |  8.0
Charms         | 5 8 |  8.0
Air Magic      | 9 |  9.0
Summonings     | 8 |  8.0
Transmutations | |  1.7

Action                   |  1- 3 |  4- 6 |  7- 9 | 10-12 | 13-15 | 16-18 | 19-21 | 22-24 | 25-27 || total
-------------------------+-------+-------+-------+-------+-------+-------+-------+-------+-------++-------
Melee: Unarmed           |    11 |       |       |       |       |       |       |       |       ||    11
       Mace              |    35 |       |       |       |       |       |       |       |       ||    35
       Whip              |     9 |   122 |   508 |   415 |       |       |       |       |       ||  1054
       Headbutt          |       |    12 |    91 |   237 |   401 |   349 |   469 |   365 |   539 ||  2463
       Flail             |       |       |       |   685 |  1061 |       |       |       |       ||  1746
       Dire flail        |       |       |       |       |   637 |       |       |       |       ||   637
       Morningstar       |       |       |       |       |   339 |  1705 |  1930 |  1739 |  1988 ||  7701
 Fire: Blowgun           |    59 |    30 |    26 |    34 |   183 |       |       |       |       ||   332
       Hunting sling     |    11 |    56 |    60 |    43 |       |       |       |       |       ||   170
Throw: Stone             |     3 |       |       |       |       |       |       |       |       ||     3
       Tomahawk          |       |       |       |    35 |    25 |       |       |       |       ||    60
       Throwing net      |       |       |       |     5 |       |     1 |       |       |       ||     6
       Javelin           |       |       |       |       |     1 |    20 |     6 |    14 |    27 ||    68
 Cast: Spectral Weapon   |       |       |       |       |       |       |       |    74 |   122 ||   196
       Apportation       |       |       |       |       |       |       |       |     5 |    22 ||    27
       Regeneration      |       |       |       |       |       |       |       |     6 |    32 ||    38
       Blink             |       |       |       |       |       |       |       |     2 |    12 ||    14
       Airstrike         |       |       |       |       |       |       |       |       |     7 ||     7
       Portal Projectile |       |       |       |       |       |       |       |       |     1 ||     1
Invok: Lesser Servant of |       |       |       |     2 |     9 |     3 |    15 |     5 |    18 ||    52
       Major Destruction |       |       |       |       |       |       |       |       |     1 ||     1
 Abil: Evoke Flight      |       |       |       |       |     2 |     3 |       |       |       ||     5
       Hurl Damnation    |       |       |       |       |       |       |       |       |     2 ||     2
Evoke: Wand              |       |       |     4 |     7 |     3 |     2 |       |     4 |       ||    20
  Use: Scroll            |     7 |     6 |     3 |    10 |    13 |    11 |       |    13 |    10 ||    73
       Potion            |       |       |       |     1 |     1 |     3 |     1 |       |     5 ||    11
 Stab: Paralysed         |       |       |       |     9 |       |       |       |       |       ||     9
       Held in net/web   |       |       |       |     1 |       |     2 |       |       |       ||     3
       Distracted        |       |       |       |     1 |     1 |       |     3 |    18 |    27 ||    50
       Confused          |       |       |       |       |       |     1 |       |       |       ||     1
  Eat: Chunk             |     4 |    11 |    12 |    19 |    47 |    31 |    21 |    34 |    28 ||   207
       Ration            |       |       |       |     2 |     2 |     3 |     3 |     1 |     5 ||    16
Armor: Robe              |    10 |       |       |       |       |       |       |       |       ||    10
       Scale mail        |    11 |    39 |       |       |       |       |       |       |       ||    50
       Chain mail        |       |    52 |   300 |   273 |   174 |   483 |   804 |   603 |   859 ||  3548
       Plate armour      |       |       |       |   252 |   800 |   560 |       |       |       ||  1612
Dodge: Dodged            |    47 |    63 |   180 |   481 |   927 |   970 |   729 |   882 |  1443 ||  5722
Block: Buckler           |       |       |       |       |    90 |   893 |   913 |   875 |  1267 ||  4038
       Reflection        |       |       |       |       |     6 |    88 |    65 |    89 |    92 ||   340

Table legend:
 A = Non-vault XP
 B = Vault XP
 C = Vault XP percentage of total XP
 D = Non-vault monster count
 E = Vault monster count
 F = Vault count percentage of total count
                 A         B        C        D         E       F
            +---------+---------+-------+---------+---------+-------
      Total |  937506 |  901065 |  49.0 |    1817 |    1183 |  39.4
            +---------+---------+-------+---------+---------+-------
        D:1 |      50 |       5 |   9.1 |      23 |       3 |  11.5
        D:2 |      79 |      37 |  31.9 |      20 |       1 |   4.8
        D:3 |      62 |      40 |  39.2 |       9 |       3 |  25.0
        D:4 |      65 |       0 |   0.0 |       6 |       0 |   0.0
        D:5 |     365 |     154 |  29.7 |      17 |       1 |   5.6
        D:6 |    1081 |     407 |  27.4 |      26 |       3 |  10.3
        D:7 |    1283 |    1288 |  50.1 |      25 |       5 |  16.7
        D:8 |    1580 |    1847 |  53.9 |      31 |      59 |  65.6
        D:9 |     409 |     618 |  60.2 |       8 |      33 |  80.5
       D:10 |    3201 |    4473 |  58.3 |      37 |      12 |  24.5
       D:11 |    2518 |    4066 |  61.8 |      18 |      12 |  40.0
       D:12 |     869 |    8164 |  90.4 |      12 |      16 |  57.1
       D:13 |    5618 |       0 |   0.0 |      27 |       0 |   0.0
       D:14 |   11406 |    3781 |  24.9 |      27 |      11 |  28.9
       D:15 |    9105 |    3357 |  26.9 |      35 |       8 |  18.6
     Lair:1 |    3680 |    5451 |  59.7 |      17 |      14 |  45.2
     Lair:2 |    1621 |   10615 |  86.8 |       9 |      21 |  70.0
     Lair:3 |    8734 |    4138 |  32.1 |      30 |      34 |  53.1
     Lair:4 |   10854 |       0 |   0.0 |      41 |       0 |   0.0
     Lair:5 |   11848 |     346 |   2.8 |      28 |       3 |   9.7
     Lair:6 |   15075 |    7917 |  34.4 |      33 |      32 |  49.2
   Shoals:1 |   14157 |    1941 |  12.1 |      28 |       6 |  17.6
   Shoals:2 |   22446 |    9125 |  28.9 |      44 |      10 |  18.5
   Shoals:3 |   16478 |    1753 |   9.6 |      33 |       7 |  17.5
   Shoals:4 |   11878 |   23491 |  66.4 |      24 |      35 |  59.3
   Spider:1 |   22464 |    4790 |  17.6 |      53 |       6 |  10.2
   Spider:2 |    6627 |    5984 |  47.5 |      19 |      33 |  63.5
   Spider:3 |   14340 |       0 |   0.0 |      50 |       0 |   0.0
   Spider:4 |    7647 |   24404 |  76.1 |      16 |      40 |  71.4
    Slime:1 |    6263 |       0 |   0.0 |      16 |       0 |   0.0
    Slime:2 |    3843 |       0 |   0.0 |       8 |       0 |   0.0
    Slime:3 |    5635 |       0 |   0.0 |       7 |       0 |   0.0
    Slime:4 |    3873 |       0 |   0.0 |      10 |       0 |   0.0
    Slime:5 |   19629 |   28848 |  59.5 |      42 |      12 |  22.2
      Orc:1 |    3481 |       0 |   0.0 |      31 |       0 |   0.0
      Orc:2 |    3056 |    8288 |  73.1 |      29 |      25 |  46.3
      Elf:1 |   16081 |    4253 |  20.9 |      33 |       7 |  17.5
      Elf:2 |   28930 |   25392 |  46.7 |      49 |      31 |  38.8
      Elf:3 |   11951 |   39622 |  76.8 |      22 |      25 |  53.2
   Vaults:1 |   34373 |   44374 |  56.4 |      81 |      59 |  42.1
   Vaults:2 |   17563 |   20994 |  54.4 |      27 |      12 |  30.8
   Vaults:3 |   30326 |   27204 |  47.3 |      52 |      30 |  36.6
   Vaults:4 |   31892 |   50227 |  61.2 |      55 |      48 |  46.6
   Vaults:5 |   43473 |  123012 |  73.9 |      51 |      65 |  56.0
    Crypt:1 |   39231 |      54 |   0.1 |      57 |       3 |   5.0
    Crypt:2 |   16017 |   11761 |  42.3 |      23 |      11 |  32.4
    Crypt:3 |   39544 |   47745 |  54.7 |      46 |      17 |  27.0
   Depths:1 |   35815 |    1012 |   2.7 |      46 |       1 |   2.1
   Depths:2 |   56787 |   22816 |  28.7 |      74 |      21 |  22.1
   Depths:3 |   49749 |   78720 |  61.3 |      61 |      60 |  49.6
   Depths:4 |   18151 |   85614 |  82.5 |      21 |      74 |  77.9
   Depths:5 |   33046 |   22188 |  40.2 |      30 |      16 |  34.8
    Abyss:3 |    8169 |   10026 |  55.1 |      18 |      21 |  53.8
        Pan |  175088 |   56659 |  24.4 |     182 |      40 |  18.0
     Bailey |       0 |    3038 | 100.0 |       0 |      43 | 100.0
      IceCv |       0 |   10878 | 100.0 |       0 |      51 | 100.0
 Desolation |       0 |   46002 | 100.0 |       0 |      92 | 100.0
   Gauntlet |       0 |    4146 | 100.0 |       0 |      11 | 100.0
            +---------+---------+-------+---------+---------+-------

Table legend:
 A = Turns spent in this place as a percentage of turns spent in the entire game.
 B = Non-inter-level travel turns spent in this place as a percentage of non-inter-level travel turns spent in the entire game.
 C = Inter-level travel turns spent in this place as a percentage of turns spent in this place.
 D = Turns resting spent in this place as a percentage of non-inter-level travel turns spent in this place.
 E = Turns spent auto-exploring this place as a percentage of non-inter-level travel turns spent in this place.
 F = Non-inter-level travel turns spent in this place divided by the number of levels of this place that you've seen.
                   A       B       C       D       E      F
               +-------+-------+-------+-------+-------+----------------------
         Total | 100.0 | 100.0 |  12.9 |  13.1 |  33.1 | 995.6
       Dungeon |  28.8 |  25.3 |  23.4 |  14.8 |  43.7 | 1141.4
        Temple |   0.3 |   0.3 |  23.7 |   0.0 |  97.9 | 187.0
          Lair |  16.1 |  16.0 |  13.1 |  20.7 |  29.4 | 1810.0
        Shoals |   5.4 |   6.0 |   3.0 |  16.8 |  26.6 | 1020.8
   Spider Nest |   5.5 |   6.1 |   3.9 |  12.9 |  38.8 | 1026.2
    Slime Pits |   1.2 |   1.3 |   7.7 |   0.0 |  14.9 | 174.4
  Orcish Mines |   2.6 |   2.6 |  13.1 |   7.5 |  21.4 | 869.0
   Elven Halls |   4.8 |   5.1 |   6.3 |   8.2 |  38.7 | 1160.7
        Vaults |  11.7 |  11.5 |  14.6 |   6.3 |  27.7 | 1550.8
         Crypt |   4.0 |   4.3 |   7.9 |  12.5 |  34.8 | 963.0
        Depths |   9.5 |   9.9 |   9.1 |   2.0 |  44.6 | 1340.6
         Abyss |   0.5 |   0.6 |   0.0 |  13.4 |   0.7 | 417.0
   Pandemonium |   4.8 |   5.5 |   0.0 |  10.2 |  11.6 | 371.4
        Bailey |   0.8 |   1.0 |   0.0 |   3.2 |   8.4 | 656.0
      Ice Cave |   2.1 |   2.4 |   0.0 |  63.4 |   4.7 | 1602.0
    Desolation |   1.1 |   1.3 |   0.0 |   0.0 |  28.2 | 873.0
      Gauntlet |   0.8 |   1.0 |   0.0 |   0.0 |   6.2 | 648.0
               +-------+-------+-------+-------+-------+----------------------

Vault maps used:
D:1:      mushboom_english_gardens, serial_bayou, serial_bayou_shore_a,
          serial_bayou_pond_b, serial_bayou_lagoon_a, serial_bayou_shore_b
D:2:      nicolae_overflow_hidden_temple, chequers_ecumenical_altar_simple,
          due_unseen_surprise, uniq_jessica
D:3:      grunt_temple_overflow_cloverleaf, st_stairs_8, minivault_24,
          uniq_terence
D:4:      kennysheep_little_box, serial_shops, shop
D:5:      minmay_temple_entry_glass, first_ration
D:6:      led_sif_book, nrook_campfire, uniq_grinder, uniq_blork_the_orc,
          uniq_edmund
D:7:      gammafunk_ghost_smash
D:8:      erik_lair_orcish_takeover, special_room, serial_gnoll_camp,
          gnoll_camp_mini_shop, gnoll_camp_medium_01, gnoll_camp_mini_sergeant,
          gnoll_camp_mini_shop, gnoll_camp_mini_doghouse, gnoll_camp_mini_house
D:9:      hiddenorc2_lemuel, uniq_maurice
D:10:     gammafunk_ghost_arena, serial_shops, nicolae_shop_waterfront,
          uniq_josephine, uniq_snorg
D:11:     cheibrodos_lost_city_excavation, enter_bailey_4, uniq_urug
D:12:     minmay_smoke_and_mirrors, serial_shops,
          nicolae_shop_overgrown_old_shop, hangedman_stone_soup, uniq_azrael
D:13:     gauntlet_entry_generic
D:14:     ximxim_vaults_locker_room, serial_shops, shop,
          yredelemnul_altar_generic
D:15:     gammafunk_enter_depths_forms
Temple:   regret_index_temple_generic_petals
Lair:1:   gammafunk_ghost_berserking_beasts, serial_bayou_shore_b, uniq_erica,
          uniq_grum
Lair:2:   mu_elephants_graveyard, serial_bayou_shore_b, uniq_sonja
Lair:3:   elwin_shoals_entry_rooms, nicolae_spider_entry_tight_spaces
Lair:4:   minmay_holes, minmay_stone_trees_large
Lair:6:   due_jungle_book, slime_dummy, fungi_pond_lemuel, minivault_26,
          grunt_forest_large_clearings, infiniplex_staircase_pool, uniq_rupert
Shoals:1: centaur_isle
Shoals:2: serial_shops, shop_fountains, nicolae_shoals_aquamancer_cove
Shoals:3: serial_shops, nicolae_shop_statue_plus, nicolae_shoals_drake_roost,
          uniq_polyphemus
Shoals:4: shoals_end_simple
Spider:2: zaba_antful_of_joy, uniq_arachne
Spider:4: guppyfry_spider_rune, portal_ice_cave_entry_pillars_four
Slime:3:  nicolae_slime_barrier
Orc:1:    mines1_david
Orc:2:    st_orc_elflike, basic_altar
Elf:1:    minmay_elf_annihilation
Elf:2:    portal_desolation_entry_garden, uniq_louise
Elf:3:    minmay_elf_hall_statues
Vaults:1: vaults_mumra_minichess, vaults_standard_mumra_lines,
          nicolae_vaults_twisting_passages, vaults_mumra_hex,
          nicolae_vaults_c_with_doors, v_misc_27, vaults_dpeg_ring,
          hangedman_vaults_nails, nicolae_vaults_little_squares_5, serial_shops,
          shop_statue
Vaults:2: v_rooms_4, nicolae_vaults_little_squares_3,
          ontoclasm_vaults_decontamination, minmay_crypt_entry_simple_statues,
          v_misc_23, nicolae_vaults_mini_display_case,
          vaults_standard_mumra_enter_the_diamond, serial_shops,
          nicolae_shop_trees, shop, shop_fountains, shop, shop, uniq_mennas
Vaults:3: hangedman_vaults_unwind, st_lattice, nicolae_vaults_network_star,
          vaults_room_boxed, v_misc_16, nicolae_vaults_little_squares_1,
          hangedman_vaults_slice, dpeg_vaults_monster_box,
          grunt_vaults_hallway_short, vaults_dpeg_diagonal, serial_shops,
          nicolae_shop_statue_plus, uniq_mara
Vaults:4: v_pattern_4, grunt_vaults_swirl, vaults_room_grunt_arrival_ludios,
          vaults_dpeg_spiral, v_misc_3, hangedman_vaults_stretched_pinwheel,
          nicolae_vaults_puzzle_piece, vaults_mumra_chevron, v_misc_2
Vaults:5: uniq_xtahua
Crypt:1:  uniq_khufu
Crypt:2:  basic_stair_grate_trap, grunt_megastairs_1
Crypt:3:  david_glass_crypt, uniq_sojobo
Depths:1: serial_shops, shop, abyss_entry_flame_altar,
          chequers_serial_rivers_large_a, hell_entry, minivault_14,
          kennysheep_generic_room_8
Depths:2: minmay_the_grid_triangle_9x9_recursive_3, hangedman_tar_grid_catacomb,
          minmay_gold_behind_fungi
Depths:3: kennysheep_large_vault, hell_entry, serial_sigils_hangedman_quiver,
          grunt_pan_entry_spiral, minmay_staircase_bubble, uniq_nikola
Depths:4: lemuel_castle_with_subvaults, hell_entry, hangedman_abyss_entry_splay,
          door_vault
Depths:5: grunt_zot_entry_hairpin, enter_ziggurat_f, tso_metal_star,
          ebering_ghost_disaster_area, hell_entry, minmay_shop_grove
Abyss:3:  minivault_22, evilmike_abyss_rune_tso_outpost
Pan:      rand_demon_7, gammafunk_dig_for_victory, lemuel_hellion_island,
          pan_blood_fountain_small, evilmike_mini_pan_possible_glass,
          evilmike_mini_pan_branches, pan_blood_fountain_small,
          nicolae_pan_cerebovesque_1, reaverb_pan_figure_eight,
          evilmike_mini_pan_pillars_b, pan_blood_fountain,
          evilmike_mini_pan_doors, pan_blood_fountain, rand_demon_7,
          nicolae_pan_gloorx_vloqian_4, pan_captured_pigsty, rand_demon_8,
          evilmike_mini_pan_V
Bailey:   bailey_axe_of_yendor_kennysheep, bailey
IceCv:    ice_cave_caverns_03
Gauntlet: gammafunk_gauntlet_one_two_three
